 Dungeon Crawl Stone Soup version 0.31-a0-271-gb88eb75e06 (webtiles) character file.

Game seed: 5511652182749907067

37 gruber the Ruffian (level 3, 0/30 HPs)
             Began as a Draconian Shapeshifter on July 14, 2023.
             Slain by a hobgoblin (2 damage)
             ... on level 2 of the Dungeon.
             The game lasted 00:00:54 (815 turns).

gruber the Ruffian (Draconian Shapeshifter)          Turns: 815, Time: 00:00:55

Health: 0/30       AC:  5    Str: 19    XL:     3   Next: 23%
Magic:  3/3        EV: 12    Int:  8    God:
Gold:   47         SH:  0    Dex: 11    Spells: 2/2 levels left

rFire   . . .        g - +2 dagger (venom)
rCold   . . .        (no shield)
rNeg    . . .        (body armour unavailable)
rPois   .            (helmet currently unavailable)
rElec   .            (cloak currently unavailable)
rCorr   .            (gloves currently unavailable)
SInv    .            (boots currently unavailable)
Will    .....        (no amulet)
Stlth   +            (no ring)
HPRegen 0.25/turn    (no ring)
MPRegen 0.08/turn

%: no passive effects
@: beast-form
A: beast (slay +2), AC +5, unfitting armour, cold-blooded
a: Begin Untransformation


You were on level 2 of the Dungeon.
You were a hulking beast.
You visited 1 branch of the dungeon, and saw 2 of its levels.

You collected 47 gold pieces.

Inventory:

Hand Weapons
 g - a +2 dagger of venom (weapon)
Talismans
 b - a beast talisman
Scrolls
 c - 4 scrolls of enchant weapon {unknown}
 d - 2 scrolls of teleportation {unknown}
 e - a scroll of amnesia {unknown}
 f - a scroll of blinking {unknown}
Potions
 a - 2 potions of lignification


   Skills:
 * Level 2.8 Fighting
 - Level 1.7 Dodging
 - Level 3.3 Unarmed Combat
 - Level 3.0 Shapeshifting


You had 2 spell levels left.
You didn't know any spells.
Your spell library was empty.

Dungeon Overview and Level Annotations

Branches:
Dungeon (2/15)

Altars:


Innate Abilities, Weirdness & Mutations

You are a hulking beast.
Your limbs bulge with bestial killing power. (Slay +2)
Your plain brown scales are hard. (AC +5)
You cannot fit into any form of body armour.
You are cold-blooded and may be slowed by cold attacks.


Message History

A gnoll and a giant cockroach come into view.
The gnoll shouts!
An adder comes into view.
The kobold throws a stone.
The stone barely misses you. The dart slug barely misses you.
The kobold hits you with a +0 short sword.
The giant cockroach attacks as you move away!
The giant cockroach bites you but does no damage. x2
You hit the giant cockroach.
The giant cockroach is poisoned.
Your tail-slap misses the giant cockroach.
The giant cockroach is heavily wounded.
You kill the giant cockroach!
The gnoll hits you from afar with a +0 halberd!
The gnoll hits you with a +0 halberd!
* * * LOW HITPOINT WARNING * * *
You see here a giant cockroach corpse.
You hit the gnoll.
The gnoll is poisoned.
The gnoll is moderately wounded.
The gnoll misses you.
You puncture the gnoll!
The gnoll looks as sick as possible!
The gnoll is almost dead.
The adder hisses angrily.
You kill the gnoll!
A goblin comes into view. It is wielding a +0 dagger.
You have reached level 3!
Your experience leads to an increase in your attributes!
Increase (S)trength, (I)ntelligence, or (D)exterity?
You feel stronger. x2; Your scales feel tougher.
The goblin shouts!
You hit the kobold.
The kobold is poisoned.
The kobold is moderately wounded.
The kobold hits you but does no damage.
You hit the kobold.
You kill the kobold!
The dart slug launches a dart at you. The slug dart hits you.
* * * LOW HITPOINT WARNING * * *
Okay, then.
You closely miss the hobgoblin. The hobgoblin hits you.
You die...

...##
.........#
...#.
#........#
.$..
#........#
#..##........#
<..#........#
##.#..#######
......[.K####
.#.#....wgh.#
.....#####S#
.)..## #...
.... ###..g
#.. #.... .#
.... ... ..


You could see an adder, a dart slug, a hobgoblin, a goblin and a kobold.

Vanquished Creatures
  A gnoll (D:2)
  A dart slug (D:1)
  A ball python (D:1)
  3 bats (D:1)
  4 endoplasms (D:1)
  2 giant cockroaches
  3 goblins (D:1)
  4 kobolds
  A quokka (D:1)
  2 frilled lizards (D:1)
  2 rats (D:1)
24 creatures vanquished.

Notes
Turn   | Place    | Note
-------+----------+-------------------------------------------
     0 | D:1      | gruber the Draconian Shapeshifter began the quest for the
                  | Orb.
     0 | D:1      | Reached XP level 1. HP: 17/17 MP: 1/1
   154 | D:1      | Reached XP level 2. HP: 20/24 MP: 2/2
   813 | D:2      | Reached XP level 3. HP: 6/30 MP: 3/3
   815 | D:2      | Slain by a hobgoblin

Illustrated notes

Levels and vault maps discovered:
D:1:      elethiomel_arrival_fortress_basement, layout_basic
D:2:      layout_rooms, chequers_serial_rivers_small_b

Skill      XL: |  1  2 |
---------------+-------+-----
Unarmed Combat | 3 |  3.3
Fighting       | |  2.8
Dodging        | |  1.7
Shapeshifting  | |  3.0

Action                     || total
---------------------------++-------
  Melee: Unarmed           ||    40
         Tailslap          ||     4
         Dagger            ||     8
         Punch             ||     1
 Armour: Skin              ||    12
  Dodge: Dodged            ||    24

Table legend: (Time is in decaauts)
 A = Elapsed time spent in this place.
 B = Non-inter-level travel time spent in this place.
 C = Inter-level travel time spent in this place.
 D = Time resting spent in this place.
 E = Time spent auto-exploring this place.
 F = Levels seen in this place.
 G = Mean time per level.
                   A        B        C        D        E       F      G
               +--------+--------+--------+--------+--------+-----+--------+
         Total |    816 |    759 |     57 |      0 |    624 |   2 |  408.0 |
       Dungeon |    816 |    759 |     57 |      0 |    624 |   2 |  408.0 |
               +--------+--------+--------+--------+--------+-----+--------+

Top non-repeatable levels by time:
     D:1: 797 daAuts
     D:2: 18 daAuts
